 Dungeon Crawl Stone Soup version 0.29-a0-88-g03a7b78be7 (webtiles) character file.

Game seed: 13416259857883797263

39 Sweetruy1997 the Gusty (level 3, -2/19 HPs)
             Began as a Tengu Air Elementalist on Feb 5, 2022.
             Slain by a gnoll (6 damage)
             ... on level 2 of the Dungeon.
             The game lasted 00:03:45 (1588 turns).

Sweetruy1997 the Gusty (Tengu Air Elementalist)     Turns: 1588, Time: 00:03:45

Health: -2/19      AC:  2    Str: 10    XL:     3   Next: 47%
Magic:  1/7        EV: 12    Int: 15    God:
Gold:   61         SH:  0    Dex: 14    Spells: 2/6 levels left

rFire   . . .      SeeInvis .   b - staff of conjuration
rCold   . . .      Faith    .   (no shield)
rNeg    . . .      Spirit   .   a - +0 robe
rPois   .          Reflect  .   (helmet restricted)
rElec   .          Harm     .   (no cloak)
rCorr   .          Rampage  .   (no gloves)
Will    .....                   (boots unavailable)
Stlth   ++........              (no amulet)
HPRegen 0.06/turn               (no ring)
MPRegen 0.10/turn               (no ring)

@: lethally poisoned (-2 -> -10)
A: beak, talons 3
a: no special abilities


You were on level 2 of the Dungeon.
You visited 1 branch of the dungeon, and saw 2 of its levels.

You collected 61 gold pieces.

Inventory:

Armour
 a - a +0 robe (worn)
Magical Staves
 b - a staff of conjuration (weapon)
Scrolls
 c - a scroll of brand weapon {unknown}
 e - 2 scrolls of identify {unknown}
 g - 2 scrolls of blinking {unknown}
Potions
 d - 2 potions of magic {unknown}
 f - a potion of resistance {unknown}
 h - a potion of attraction {unknown}


   Skills:
 + Level 2.4 Dodging
 + Level 2.4 Stealth
 + Level 2.4 Spellcasting
 + Level 1.8 Conjurations
 + Level 4.8 Air Magic


You had 2 spell levels left.
You knew the following spells:

 Your Spells              Type           Power      Damage    Failure   Level
a - Shock                 Conj/Air       68%        1d7       5%          1
b - Static Discharge      Conj/Air       17%        N/A       9%          2
c - Foxfire               Conj/Fire      24%        2x1d5     14%         1

Your spell library contained the following spells:

 Spells                   Type           Power      Damage    Failure   Level
 Swiftness                Air            16%        N/A       9%          3
 Airstrike                Air            8%         N/A       28%         4
 Conjure Flame            Conj/Fire      6%         6-21      41%         3
 Inner Flame              Hex/Fire       1%         N/A       54%         3
 Flame Wave               Conj/Fire      6%         2d5       82%         4


Dungeon Overview and Level Annotations

Branches:
Dungeon (2/15)

Altars:


Innate Abilities, Weirdness & Mutations

You have a beak for a mouth.
You have claws for feet.


Message History

Casting: Foxfire (safe; 16% risk of failure)
Confirm with . or Enter, or press ? or * to list all spells.
You feel a surge of power!
You conjure some foxfire!
The foxfire hits the gnoll.
The gnoll is almost dead.
Casting: Foxfire (safe; 16% risk of failure)
Confirm with . or Enter, or press ? or * to list all spells.
You feel a surge of power!
You miscast Foxfire.
You are very lightly contaminated with residual magic.
Nothing appears to happen.
The foxfire hits the gnoll.
You kill the gnoll!
A gnoll comes into view. It is wielding a +0 flail.
You feel a surge of power!
The zap hits the gnoll.
The gnoll is moderately wounded.
The foxfire hits the gnoll but does no damage.
The gnoll is moderately wounded.
The foxfire hits the gnoll.
The gnoll is moderately wounded.
The gnoll misses you.
Your magical contamination has completely faded away.
You feel a surge of power!
The zap hits the gnoll.
The gnoll is moderately wounded.
The gnoll closely misses you.
The gnoll hits you with a +2 spear of venom.
You are poisoned.
The gnoll barely misses you.
Casting: Shock (safe; 5% risk of failure)
Confirm with . or Enter, or press ? or * to list all spells.
You feel a surge of power!
You conjure some foxfire!
You feel very sick. The gnoll closely misses you.
The gnoll hits you with a +0 flail.
The gnoll hits you from afar with a +0 spear.
Casting: Foxfire (safe; 14% risk of failure)
Confirm with . or Enter, or press ? or * to list all spells.
You don't have enough magic to cast this spell.
Your foxfire dissipates!
* * * LOW HITPOINT WARNING * * *
You feel very sick.
The gnoll hits you from afar with a +2 spear of venom.
You die...

###.#.........#.#.#...........#
.............†....#..........>.
....#####.#####...#.#.........#
....#####..####...#..#..!.....#
..............†...#..#........#
....######.#####...##.........#
...## ####'#####ggg...........#
...# #........#.#.........####
#### #........#@##........#
#..........###########
###........# #........#
#........# #........#
#........# #........# #####
#........#


You could see 2 gnolls.

Vanquished Creatures
  A gnoll (D:2)
  2 dart slugs (D:2)
  3 endoplasms (D:2)
  A giant cockroach (D:1)
  A goblin (D:2)
  4 hobgoblins
  A quokka (D:2)
  5 ball pythons
  A bat (D:1)
  3 kobolds
  4 rats (D:1)
26 creatures vanquished.

Vanquished Creatures (others)
  5 foxfires (D:2)
  A plant (D:1)
  A withered plant (D:1)
7 creatures vanquished.

Grand Total: 33 creatures vanquished

Notes
Turn   | Place    | Note
-------+----------+-------------------------------------------
     0 | D:1      | Sweetruy1997 the Tengu Air Elementalist began the quest for
                  | the Orb.
     0 | D:1      | Reached XP level 1. HP: 10/10 MP: 4/4
   448 | D:1      | Found a faded altar of an unknown god.
   622 | D:1      | Reached XP level 2. HP: 15/15 MP: 4/6
  1404 | D:2      | Learned a level 2 spell: Static Discharge
  1406 | D:2      | Learned a level 1 spell: Foxfire
  1418 | D:2      | Reached XP level 3. HP: 19/19 MP: 5/7
  1588 | D:2      | Slain by a gnoll

Illustrated notes

Levels and vault maps discovered:
D:1:      elethiomel_arrival_maze, layout_basic,
          shapermc_ecumenical_altar_flowoftime, chequers_serial_rivers_small_a,
          st_stairs_13, kennysheep_nondescript, minivault_23
D:2:      layout_basic, minmay_curled_crystal, corexii_corridor_pit

Action                   || total
-------------------------++-------
Melee: Staff             ||     2
       Unarmed           ||     2
       Kick              ||     2
 Cast: Shock             ||    46
       Foxfire           ||     4
Dodge: Dodged            ||     7

Table legend: (Time is in decaauts)
 A = Elapsed time spent in this place.
 B = Non-inter-level travel time spent in this place.
 C = Inter-level travel time spent in this place.
 D = Time resting spent in this place.
 E = Time spent auto-exploring this place.
 F = Levels seen in this place.
 G = Mean time per level.
                   A        B        C        D        E       F      G
               +--------+--------+--------+--------+--------+-----+--------+
         Total |   1590 |   1579 |     11 |      0 |   1456 |   2 |  795.0 |
       Dungeon |   1590 |   1579 |     11 |      0 |   1456 |   2 |  795.0 |
               +--------+--------+--------+--------+--------+-----+--------+

Top non-repeatable levels by time:
     D:1: 1041 daAuts
     D:2: 548 daAuts
